 Dungeon Crawl Stone Soup version 0.31.0 (webtiles) character file.

Game seed: 4166239756894224247

1936 RepHenryClay the Destroyer (level 8, 0/37 (41) HPs)
             Began as a Deep Elf Conjurer on Jan 20, 2024.
             Was a Believer of Vehumet.
             Slain by a wight
             ... wielding a +2 scimitar
              (7 damage)
             ... on level 6 of the Dungeon.
             The game lasted 00:18:19 (6847 turns).

RepHenryClay the Destroyer (Deep Elf Conjurer)      Turns: 6847, Time: 00:18:20

HP:   0/37 (41)     AC:  5    Str:  4    XL:     8   Next: 97%
MP:   16/16         EV: 15    Int: 24    God:    Vehumet [**....]
Gold: 324           SH:  0    Dex: 15    Spells: 8/15 levels left

rFire   . . .        a - +2 short sword (drain)
rCold   . . .        (no shield)
rNeg    . . .        h - +0 robe
rPois   .            (no helmet)
rElec   .            r - +2 cloak
rCorr   +            (no gloves)
SInv    +            (no boots)
Will    .....        (no amulet)
Stlth   ++           g - ring of see invisible
HPRegen 0.26/turn    p - ring of resist corrosion
MPRegen 0.15/turn

%: no passive effects
@: drained
A: no striking features
a: Renounce Religion


You were on level 6 of the Dungeon.
You worshipped Vehumet.
Vehumet was pleased with you.
You visited 1 branch of the dungeon, and saw 6 of its levels.
You also visited: Ossuary.

You collected 348 gold pieces.
You spent 24 gold pieces at shops.

Inventory:

Hand Weapons
 a - a +2 short sword of draining (weapon)
 e - a +4 short sword of freezing
 n - a +0 whip of venom
Armour
 h - a +0 robe (worn)
 r - a +2 cloak (worn)
Jewellery
 g - a ring of see invisible (left hand)
 p - a ring of resist corrosion (right hand)
Scrolls
 c - a scroll of teleportation
 j - 2 scrolls of enchant armour
 k - a scroll of fear
 l - a scroll of poison
 m - a scroll of summoning
 o - 2 scrolls of revelation
 t - a scroll of torment
 u - a scroll of enchant weapon
Potions
 f - 3 potions of enlightenment
 i - a potion of berserk rage
 q - 2 potions of lignification
 s - a potion of brilliance
 v - a potion of attraction {unknown}


   Skills:
 - Level 7.6 Dodging
 - Level 2.4 Stealth
 + Level 4.0 Spellcasting
 - Level 10.3 Conjurations
 - Level 5.1 Translocations


You had 8 spell levels left.
You knew the following spells:

 Your Spells              Type           Power      Damage    Failure   Level
a - Magic Dart            Conj           100%       1d8       1%          1
b - Searing Ray           Conj           100%       2d8       1%          2
c - Iskenderun's Mystic   Conj/Tloc      41%        2d9       4%          4

Your spell library contained the following spells:

 Spells                   Type           Power      Damage    Failure   Level
 Momentum Strike          Conj/Tloc      82%        3d10      1%          2
 Fulminant Prism          Conj/Alch      14%        3d8       12%         4
 Call Imp                 Summ           8%         N/A       14%         2
 Sublimation of Blood     Necr           4%         N/A       14%         2
 Call Canine Familiar     Summ           4%         N/A       28%         3
 Sigil of Binding         Hex            4%         N/A       28%         3
 Tukima's Dance           Hex            4%         N/A       28%         3
 Dimensional Bullseye     Hex/Tloc       8%         N/A       34%         4
 Summon Hydra             Summ           2%         N/A       100%        7


Dungeon Overview and Level Annotations

Branches:
Dungeon (6/15)             Temple (0/1) D:6         Ossuary (visited)

Altars:
Elyvilon
Nemelex Xobeh
Uskayaw
Vehumet
Zin

Shops:
D:1 ?


Message History

The wight barely misses you.
Your Spellcasting skill increases to level 4!
You aren't carrying any items that you can evoke.
Unknown command.
Unknown command.
The wight attacks as it pursues you! The wight barely misses you.
The wight attacks as it pursues you! The wight hits you with a +2 scimitar.
You feel drained.
Huge Dmg: -17%(-7hp) hp: 48%(19hp)
The wight attacks as it pursues you! The wight hits you with a +2 scimitar!
* * * LOW HITPOINT WARNING * * *
You feel drained.
* * * LOW HITPOINT WARNING * * *
Huge Dmg: -20%(-8hp) hp: 29%(11hp) Welcome back, RepHenryClay the Deep Elf Conjurer.
Vehumet says: Let it end in hellfire!
Press ? for a list of commands and other information.
Okay, then.
You aren't carrying any items that you can evoke.
Unknown command.
Okay, then.
Unknown command.
Unknown command.
Unknown command.
Unknown command.
Cast which spell? (? or * to list)
Okay, then.
Unknown command.
Unknown command.
You feel better. The wight hits you with a +2 scimitar.
* * * LOW HITPOINT WARNING * * *
You feel drained.
* * * LOW HITPOINT WARNING * * *
Huge Dmg: -11%(-4hp) hp: 19%(7hp) Welcome back, RepHenryClay the Deep Elf Conjurer.
Vehumet says: Let it end in hellfire!
Press ? for a list of commands and other information.
Unknown command.
Magic courses through your body. The wight hits you with a +2 scimitar!
You die...

.........#,,,,,*,,,,,,,,,,,,,,,*,,,
.........#,,,,,*,,,,,,,,,,,,,,,+,,,
.........#####+###+#############.,,
#####............................,,
,,,,#.........)..................,,
,,,,#............................,,
,,,,#.............[[<............,,
,,,,#............................,,
**,,#........>..z@.......#######.,,
**+*#####......###+##+####,,,,,****
,,,,,,,,#......#........#,,,,,,*
,,,,,,,,#......#...)....#,,,,,,*
,,,,,,,,+......#.)......#*,,,,,*
**,,,,,*#......##'###...#*,,,,,*
,*,,,,,*#####......#*,..#*,,,,,*
,*,,,,,*,,,,#......#,,,zz.,,,,,*
,*,,,,,+,,,,#......#,,,,...,,,,*


You could see a wight.

Vanquished Creatures
  Sigmund (D:4)
  An orc warrior (D:6)
  2 black bears
  An ogre (D:4)
  A centaur (D:6)
  An elf zombie (Ossuary)
  A kobold brigand (D:6)
  A weeping skull (Ossuary)
  2 scorpions (D:5)
  2 wights (D:6)
  2 bombardier beetles (D:4)
  A howler monkey (D:4)
  4 centaur zombies (Ossuary)
  A human zombie (Ossuary)
  A gnoll bouda (D:5)
  2 jellies (D:5)
  A spectral scorpion (Ossuary)
  An iguana (D:5)
  An orc wizard (D:5)
  A crocodile zombie (Ossuary)
  A hound zombie (Ossuary)
  3 mummies (Ossuary)
  16 gnolls
  7 adders
  4 ufetubi
  6 adder zombies (Ossuary)
  3 ribbon worms
  11 orcs
  2 ball pythons
  5 bats
  6 endoplasms
  2 gnoll zombies (Ossuary)
  5 goblins
  3 hobgoblins
  A jackal (D:1)
  5 quokkas
  6 ball python zombies (Ossuary)
  4 frilled lizards
  4 jackal zombies (Ossuary)
  16 kobolds
  3 kobold zombies (Ossuary)
  4 rats
145 creatures vanquished.

Vanquished Creatures (collateral kills)
  Terence (D:2)
1 creature vanquished.

Grand Total: 146 creatures vanquished

Notes
Turn   | Place    | Note
-------+----------+-------------------------------------------
     0 | D:1      | RepHenryClay the Deep Elf Conjurer began the quest for the
                  | Orb.
     0 | D:1      | Reached XP level 1. HP: 10/10 MP: 6/6
   459 | D:1      | Found The Oracle's Delphic Readings.
   471 | D:1      | Reached XP level 2. HP: 15/15 MP: 5/8
   513 | D:1      | Bought a scroll of identify for 24 gold pieces
   673 | D:2      | Reached skill level 5 in Conjurations
   710 | D:2      | Noticed Terence
   775 | D:1      | Learned a level 2 spell: Searing Ray
   941 | D:2      | Reached XP level 3. HP: 19/19 MP: 7/9
  1231 | D:2      | Killed Terence
  1232 | D:2      | Reached skill level 6 in Conjurations
  1276 | D:2      | Reached XP level 4. HP: 12/24 MP: 5/10
  1720 | D:3      | Learned a level 4 spell: Iskenderun's Mystic Blast
  2715 | D:3      | Reached skill level 7 in Conjurations
  2715 | D:3      | Reached XP level 5. HP: 28/28 MP: 7/11
  3030 | D:4      | Noticed Sigmund
  3289 | D:4      | Noticed an ogre
  3294 | D:4      | Killed an ogre
  3295 | D:4      | Reached skill level 8 in Conjurations
  3295 | D:4      | Reached XP level 6. HP: 32/32 MP: 7/12
  3376 | D:4      | Found a white marble altar of Elyvilon.
  3424 | D:4      | Found a radiant altar of Vehumet.
  3600 | D:4      | Became a worshipper of Vehumet
  3665 | D:5      | Entered Level 5 of the Dungeon
  3791 | D:4      | Killed Sigmund
  3792 | D:4      | Reached skill level 5 in Dodging
  3792 | D:4      | Reached XP level 7. HP: 32/36 MP: 2/13
  3879 | D:4      | Found a glowing silver altar of Zin.
  3881 | D:4      | Found a hide-covered altar of Uskayaw.
  4824 | D:5      | Reached XP level 8. HP: 41/41 MP: 4/14
  4942 | D:5      | Reached * piety under Vehumet
  4942 | D:5      | Offered knowledge of Kiss of Death by Vehumet.
  5076 | D:5      | Found a sparkling altar of Nemelex Xobeh.
  5669 | D:6      | Reached skill level 5 in Translocations
  5818 | D:6      | Reached skill level 9 in Conjurations
  5828 | D:6      | Found a sand-covered staircase.
  5857 | Ossuary  | Entered an ossuary
  5976 | Ossuary  | Reached ** piety under Vehumet
  5976 | Ossuary  | Offered knowledge of Momentum Strike by Vehumet.
  6337 | Ossuary  | Reached skill level 10 in Conjurations
  6847 | D:6      | Slain by a wight

Illustrated notes

Levels and vault maps discovered:
D:1:      erik_arrival_blinker_ship, layout_basic,
          hangedman_decor_diamond_cutter, nicolae_nh_oracle_at_delphi
D:2:      layout_rooms, minivault_19, serial_bayou_pond_a, minivault_11,
          lexackson_kobold_supper, uniq_terence
D:3:      layout_basic, glass_columns_c, hex_medium, minmay_cut_off
D:4:      layout_loops_cross, mainiacjoe_overflow_alcove_2,
          kennysheep_little_box, mainiacjoe_overflow_catwalk_spiral,
          uniq_sigmund
D:5:      layout_cave_pools, nicolae_overflow_hidden_temple
D:6:      layout_gridville, minmay_temple_entry_mini_moons,
          chequers_ossuary_entry_cave, uniq_pikel

Skill      XL: |  1  2  3  4  5  6  7  8 |
---------------+-------------------------+-----
Conjurations   | 5 6 7 8 10 | 10.3
Dodging        | 5 6 7 |  7.6
Translocations | 3 5 |  5.1
Spellcasting   | 4 |  4.0
Stealth        | |  2.4

Action                     |  1- 3 |  4- 6 |  7- 9 || total
---------------------------+-------+-------+-------++-------
  Melee: Short sword       |    18 |    28 |    45 ||    91
         Punch             |       |       |     1 ||     1
   Cast: Magic Dart        |    35 |    76 |    96 ||   207
         Searing Ray       |     3 |     4 |    35 ||    42
         Iskenderun's Myst |       |       |    11 ||    11
  Evoke: Wand              |       |     1 |       ||     1
    Use: Scroll            |     5 |       |    14 ||    19
         Potion            |       |       |     3 ||     3
   Stab: Sleeping          |     2 |     4 |     2 ||     8
 Armour: Robe              |    10 |     7 |   100 ||   117
  Dodge: Dodged            |    14 |    24 |   134 ||   172
